 Dungeon Crawl Stone Soup version 0.20-a0-556-g892c87b (webtiles) character file.

3475 krabocopter the Carver (level 10, -16/114 HPs)
             Began as a Formicid Fighter on Feb 6, 2017.
             Was a Priest of Okawaru.
             Demolished by an orc warrior
             ... wielding a +0 war axe
              (24 damage)
             ... in a bailey.
             The game lasted 00:24:00 (7538 turns).

krabocopter the Carver (Formicid Fighter)           Turns: 7538, Time: 00:24:00

Health: -16/114    AC: 25    Str: 20    XL:     10   Next: 27%
Magic:  0/10       EV:  2    Int:  9    God:    Okawaru [***...]
Gold:   435        SH:  5    Dex: 13    Spells: 9/9 levels left

rFire    + . .     SeeInvis .   v - +0 great sword
rCold    + . .     Gourm    .   (armour currently unavailable)
rNeg     + + +     Faith    .   t - +0 buckler
rPois    +         Spirit   +   (helmet unavailable)
rElec    .         Reflect  .   (cloak currently unavailable)
rCorr    .         Harm     .   (gloves currently unavailable)
MR       +....                  (boots currently unavailable)
Stlth    +.........             i - amulet of guardian spirit
Regen    0.3/turn               B - ring of protection from cold
                                j - ring of protection from fire

@: tree-form
A: permanent stasis, dig shafts and tunnels, four strong arms, (antennae 0)
a: Heroism, Renounce Religion


You were in a bailey.
You worshipped Okawaru.
Okawaru was most pleased with you.
You were not hungry.
You were a tree.
You visited 2 branches of the dungeon, and saw 10 of its levels.
You also visited: Bailey.

You collected 435 gold pieces.

Inventory:

Hand Weapons
 a - a +0 long sword
 v - a +0 great sword (weapon)
Armour
 c - a +0 shield
 d - a +1 chain mail of cold resistance (melded)
 t - a +0 buckler (worn)
Jewellery
 i - an amulet of guardian spirit (around neck)
 j - a ring of protection from fire (left branch)
 B - a ring of protection from cold (right branch)
Wands
 h - a wand of iceblast (3/15)
 k - a wand of flame (29/48)
Scrolls
 b - a scroll of fear
 e - a scroll of amnesia
 l - a scroll of noise {unknown}
 s - 3 scrolls of identify
 w - 2 scrolls of fog
 y - a scroll of immolation {unknown}
Potions
 m - a potion of magic {unknown}
 n - a potion of ambrosia {unknown}
 p - a potion of brilliance {unknown}
 q - a potion of cancellation {unknown}
 r - 5 potions of curing
 x - 2 potions of cure mutation
 z - a potion of lignification
 D - a potion of resistance {unknown}
Comestibles
 f - 5 bread rations
 g - 5 royal jellies
 u - 5 meat rations
 A - 3 fruits


   Skills:
 - Level 5.7 Fighting
 + Level 10.4 Long Blades
 + Level 9.7 Armour
 - Level 4.1 Shields


You had 9 spell levels left.
You didn't know any spells.

Dungeon Overview and Level Annotations

Branches:
Dungeon (9/15)             Temple (1/1) D:4
   Lair: D:8-11         Orc: D:9-12

Altars:
Ashenzari
Elyvilon
Hepliaklqana
Makhleb
Okawaru
Trog

Shops:
D:4 =*}

Annotations:
D:4 , nice ring shop


Innate Abilities, Weirdness & Mutations

You cannot be hasted, slowed, berserked, paralysed or teleported.
You can dig through walls and to a lower floor.
Your four strong arms can wield two-handed weapons with a shield.
((You have a pair of large antennae on your head. (SInv)))


Message History

The orc knight barely misses you.
You riposte.
You closely miss the orc knight.
The orc knight is severely wounded.
You hit the orc knight.
The orc knight is severely wounded.
The orc warrior hits you with a war axe!!
The orc knight hits you with a war axe.
You slash the orc knight!
The orc knight is almost dead.
The orc no longer looks unusually strong.
The hobgoblin hits you with a hand axe.
The orc warrior hits you with a war axe!!
* * * LOW HITPOINT WARNING * * *
The orc knight hits you but does no damage.
You block the hobgoblin's attack.
You turn into a tree.
Your +1 chain mail of cold resistance melds into your body.
You feel less resistant to cold.
Your roots penetrate the ground.
The orc no longer looks unusually strong.
The orc warrior hits you with a war axe!!
You die... ... ... ####.#### .#...#. go8g. gog

##g## #o♣o#
#...# #...#
######+######
#^...≈.≈K{..#
#'###≈.≈###{#
#....≈.≈{..{#
#'###≈)≈###'#
#..KK≈(≈KK..#


You could see an orc knight, an orc warrior, a gnoll, 2 orcs, a hobgoblin and 3
goblins.

Vanquished Creatures
  A two-headed ogre (D:8)
  Pikel (D:7)
  A hippogriff (D:7)
  Menkaure (D:5)
  2 orc warriors (Bailey)
  An ice beast (D:5)
  A sky beast (D:6)
  4 ogres
  A necrophage (D:6)
  A centaur (D:5)
  A bullfrog (D:7)
  A gnoll sergeant (D:7)
  2 scorpions
  Dowan (D:4)
  3 howler monkeys (D:8)
  A bullfrog zombie (D:4)
  A crimson imp (D:5)
  5 hounds
  An orc priest (D:7)
  Crazy Yiuf (D:4)
  2 iguanas
  2 orc wizards
  7 worker ants
  2 hound skeletons (D:6)
  A worker ant zombie (D:8)
  6 gnolls
  12 adders
  An ooze (D:3)
  2 adder skeletons (D:4)
  3 worms
  2 dart slugs
  5 leopard geckos
  17 orcs
  5 bats
  4 giant cockroaches
  14 goblins
  5 hobgoblins
  11 jackals
  A quokka (D:3)
  5 ball pythons
  4 frilled lizards
  10 kobolds
  A leopard gecko skeleton (D:8)
  A leopard gecko zombie (D:7)
  A quokka zombie (D:8)
  8 rats
163 creatures vanquished.

Vanquished Creatures (collateral kills)
  2 jackals (D:6)
2 creatures vanquished.

Vanquished Creatures (others)
  A slave (D:7)
  A bullfrog (D:7)
  2 orc priests (D:7)
4 creatures vanquished.

Grand Total: 169 creatures vanquished

Notes
Turn   | Place    | Note
-------+----------+-------------------------------------------
     0 | D:1      | krabocopter the Formicid Fighter began the quest for the Orb.
     0 | D:1      | Reached XP level 1. HP: 18/18 MP: 1/1
    76 | D:1      | Reached XP level 2. HP: 21/24 MP: 2/2
   370 | D:1      | Reached XP level 3. HP: 25/29 MP: 3/3
   372 | D:1      | Reached skill level 3 in Long Blades
  1391 | D:3      | Reached XP level 4. HP: 29/37 MP: 4/4
  1469 | D:3      | Reached skill level 4 in Long Blades
  1479 | D:3      | Reached XP level 5. HP: 38/43 MP: 5/5
  2439 | D:4      | Noticed an ogre
  2452 | D:4      | Killed an ogre
  2452 | D:4      | Reached skill level 5 in Fighting
  2452 | D:4      | Reached skill level 5 in Long Blades
  2452 | D:4      | Reached XP level 6. HP: 8/51 MP: 6/6
  2454 | D:4      | HP: 1/51 [worm (7)]
  3020 | D:4      | Found a runed door.
  3075 | D:4      | Noticed Dowan
  3099 | D:4      | Killed Dowan
  3099 | D:4      | Reached XP level 7. HP: 54/56 MP: 7/7
  3135 | D:4      | Found Xyij's General Store.
  3192 | D:4      | Found Sawk's Gadget Emporium.
  3391 | D:4      | Reached skill level 6 in Long Blades
  3502 | D:4      | Found Duhiwiedgh's Jewellery Emporium.
  3609 | D:4      | Found a staircase to the Ecumenical Temple.
  3668 | Temple   | Entered the Ecumenical Temple
  3673 | Temple   | Became a worshipper of Warmaster Okawaru
  3890 | D:4      | Noticed Crazy Yiuf
  3901 | D:4      | Killed Crazy Yiuf
  3974 | D:5      | Entered Level 5 of the Dungeon
  4215 | D:5      | Reached XP level 8. HP: 58/64 MP: 8/8
  4265 | D:5      | Reached skill level 7 in Long Blades
  4396 | D:5      | Reached skill level 5 in Armour
  4447 | D:5      | HP: 3/64 [ogre/giant spiked club (16)]
  4454 | D:5      | Reached * piety under Okawaru
  4710 | D:5      | Noticed Menkaure
  4727 | D:5      | Killed Menkaure
  5127 | D:6      | Reached skill level 8 in Long Blades
  5247 | D:6      | Found a bloodstained altar of Trog.
  5272 | D:6      | Reached XP level 9. HP: 67/69 MP: 9/9
  5918 | D:7      | Noticed Pikel
  5939 | D:7      | Killed Pikel
  5939 | D:7      | Reached ** piety under Okawaru
  5939 | D:7      | Reached skill level 9 in Long Blades
  5983 | D:7      | Noticed a hippogriff
  6006 | D:7      | Killed a hippogriff
  6412 | D:7      | Reached *** piety under Okawaru
  6903 | D:8      | Found a flagged portal.
  7275 | D:8      | Noticed a two-headed ogre
  7285 | D:9      | Noticed a troll
  7293 | D:8      | Killed a two-headed ogre
  7293 | D:8      | Reached skill level 10 in Long Blades
  7293 | D:8      | Reached XP level 10. HP: 61/76 MP: 6/10
  7400 | Bailey   | Entered a bailey
  7521 | Bailey   | Noticed an orc knight
  7538 | Bailey   | Demolished by an orc warrior

Vault maps used:
D:1:      ncdulo_wetmaze
D:2:      first_bread, minmay_misc_feat_hallway
D:3:      minmay_diamond_boxcup
D:4:      temple_fountains, serial_shops, nicolae_shop_behind_doors,
          nicolae_shop_temple_entry_statues_fountains, shop,
          uniq_crazy_yiuf_cottage, uniq_duvessa
D:5:      grunt_ministairs_10, uniq_menkaure
D:6:      bloody_trog
D:7:      kennysheep_generic_room_11, uniq_pikel
D:8:      enter_bailey_3
D:9:      erik_lair_island, serial_shops, shop_coins
Temple:   grunt_wide_crystal_templ
Bailey:   bailey_axe_1, bailey

Skill      XL: |  1  2  3  4  5  6  7  8  9 |
---------------+----------------------------+-----
Long Blades    | 3 4 5 6 8 10 | 10.4
Fighting       | 4 5 |  5.7
Shields        | 4 |  4.1
Armour         | 6 9 |  9.7

Action                   |  1- 3 |  4- 6 |  7- 9 | 10-12 || total
-------------------------+-------+-------+-------+-------++-------
Melee: Long sword        |    74 |   158 |   278 |       ||   510
       Great sword       |       |       |   154 |    32 ||   186
Invok: Heroism           |       |       |     3 |     1 ||     4
Evoke: Wand              |       |       |     1 |       ||     1
  Use: Potion            |       |     2 |     3 |     2 ||     7
       Scroll            |       |       |    11 |       ||    11
 Stab: Invisible         |       |       |     1 |       ||     1
  Eat: Chunk             |     2 |     4 |    15 |     1 ||    22
Armor: Scale mail        |    39 |    80 |       |       ||   119
       Chain mail        |       |     6 |   217 |    40 ||   263
Dodge: Dodged            |    53 |    78 |   154 |    38 ||   323
Block: Buckler           |       |       |    84 |    32 ||   116
       Rpst.: Long sword |    14 |    25 |    27 |       ||    66
       Great sword       |       |       |    14 |     2 ||    16
